 Dungeon Crawl Stone Soup version 0.31.0-10-gcf4a605ca0 (webtiles) character file.

Game seed: 13741647244416985981

224 cdecastro the Firebug (level 5, -1/28 HPs)
             Began as a Deep Elf Fire Elementalist on Jan 25, 2024.
             Was a Believer of Makhleb.
             Slain by a river rat (6 damage)
             ... in a sewer.
             The game lasted 00:09:12 (4006 turns).

cdecastro the Firebug (Deep Elf Fire Elementalist)  Turns: 4006, Time: 00:09:12

Health: -1/28      AC:  8    Str:  5    XL:     5   Next: 67%
Magic:  11/11      EV: 12    Int: 22    God:    Makhleb [**....]
Gold:   166        SH:  0    Dex: 15    Spells: 1/10 levels left

rFire   . . .        (no weapon)
rCold   . . .        (no shield)
rNeg    . . .        a - +0 robe
rPois   +            q - +0 helmet
rElec   .            (no cloak)
rCorr   .            r - +0 pair of gloves
SInv    .            (no boots)
Will    .....        (no amulet)
Stlth   ++           m - ring of poison resistance
HPRegen 0.24/turn    v - +4 ring of protection
MPRegen 0.12/turn

%: no passive effects
@: no status effects
A: no striking features
a: Renounce Religion, Minor Destruction


You were in a sewer.
You worshipped Makhleb.
Makhleb was pleased with you.
You visited 1 branch of the dungeon, and saw 6 of its levels.
You also visited: Sewer.

You collected 166 gold pieces.

Inventory:

Armour
 a - a +0 robe (worn)
 g - a +4 ring mail
 q - a +0 helmet (worn)
 r - a +0 pair of gloves (worn)
Jewellery
 m - a ring of poison resistance (left hand)
 u - a ring of ice
 v - a +4 ring of protection (right hand)
Scrolls
 h - a scroll of immolation {unknown}
 i - a scroll of enchant weapon {unknown}
 k - 3 scrolls of fear {unknown}
 n - 5 scrolls of identify {unknown}
 p - a scroll of teleportation {unknown}
 s - 2 scrolls of revelation {unknown}
 w - a scroll of blinking {unknown}
Potions
 c - a potion of mutation {unknown}
 d - a potion of resistance {unknown}
 e - a potion of heal wounds {unknown}
 f - 2 potions of invisibility {unknown}
 j - a potion of haste {unknown}
 l - a potion of brilliance {unknown}
 o - a potion of degeneration {unknown}
 t - a potion of lignification {unknown}


   Skills:
 - Level 2.4 Dodging
 - Level 2.4 Stealth
 - Level 3.0 Spellcasting
 - Level 1.1 Conjurations
 + Level 7.1 Fire Magic


You had one spell level left.
You knew the following spells:

 Your Spells              Type           Power      Damage    Failure   Level
a - Foxfire               Conj/Fire      84%        2x1d8     2%          1
b - Scorch                Fire           68%        2d7       1%          2
c - Inner Flame           Hex/Fire       19%        N/A       9%          3
d - Volatile Blastmotes   Fire/Tloc      38%        2d13      9%          3

Your spell library contained the following spells:

 Spells                   Type           Power      Damage    Failure   Level
 Flame Wave               Conj/Fire      21%        2d8       22%         4
 Ignite Poison            Fire/Alch      19%        N/A       28%         4
 Sticky Flame             Fire/Alch      19%        2d6       28%         4
 Conjure Ball Lightning   Conj/Air       2%         3x3d6     100%        6
 Discord                  Hex            1%         N/A       100%        8
 Disjunction              Tloc           1%         N/A       100%        8
 Ignition                 Fire           17%        3d7       100%        8


Dungeon Overview and Level Annotations

Branches:
Dungeon (7/15)              Sewer (1/1)
 Temple: D:4-7

Altars:
Makhleb
Xom

Annotations:
D:4 exclusion: black bear, Sigmund
D:7 exclusion: killer bee


Message History

The river rat is moderately wounded.
The rat bites you but does no damage.
The river rat bites you but does no damage.
You barely miss the river rat.
The river rat is moderately wounded.
The rat bites you.
The river rat bites you but does no damage.
You hit the river rat but do no damage.
The river rat is moderately wounded.
The rat completely misses you. The river rat barely misses you.
You hit the river rat but do no damage.
The river rat is moderately wounded.
The rat closely misses you. The river rat barely misses you.
You hit the rat but do no damage. The rat barely misses you.
The river rat twitches its whiskers.
The river rat bites you.
* * * LOW HITPOINT WARNING * * *
You hit the rat but do no damage. The rat barely misses you.
The river rat barely misses you.
You hit the rat but do no damage. You punch the rat, but do no damage.
The rat bites you but does no damage. The river rat barely misses you.
You hit the rat.
You kill the rat!
Makhleb accepts your kill. The river rat bites you.
* * * LOW HITPOINT WARNING * * *
You see here a rat corpse.
Casting: Scorch (safe; 1% risk of failure)
Confirm with . or Enter, or press ? or * to list all spells.
Flames lash the river rat but do no damage.
Unknown command.
You hit the river rat but do no damage. Your punch misses the river rat.
The river rat is moderately wounded.
The river rat bites you.
* * * LOW HITPOINT WARNING * * *
You closely miss the river rat.
The river rat is moderately wounded.
The river rat bites you but does no damage.
Magic courses through your body. The river rat bites you.
You die...

###
#.#
#.#
#.#
#†#
#.#
#@#
#r#
#∩#
#.#
#.#
#†#
#.#
#.#
#.#


You could see a river rat.

Vanquished Creatures
  A howler monkey (D:4)
  An orc priest (D:3)
  Robin (D:3)
  3 adders
  2 river rats (D:6)
  A white imp (D:4)
  2 ufetubi (D:3)
  2 dart slugs
  A ribbon worm (D:6)
  2 orcs (D:3)
  7 ball pythons
  6 bats
  7 endoplasms
  4 giant cockroaches
  14 goblins
  6 hobgoblins
  3 kobolds
  4 quokkas (D:3)
  2 frilled lizards
  6 rats
75 creatures vanquished.

Vanquished Creatures (others)
  211 foxfires
211 creatures vanquished.

Grand Total: 286 creatures vanquished

Notes
Turn   | Place    | Note
-------+----------+-------------------------------------------
     0 | D:1      | cdecastro the Deep Elf Fire Elementalist began the quest
                  | for the Orb.
     0 | D:1      | Reached XP level 1. HP: 10/10 MP: 6/6
   233 | D:1      | Found a faded altar of an unknown god.
   310 | D:1      | Reached XP level 2. HP: 15/15 MP: 5/8
   347 | D:1      | Reached skill level 4 in Fire Magic
   962 | D:1      | Prayed at the altar of an unknown god.
   962 | D:1      | Became a worshipper of Makhleb the Destroyer
   962 | D:1      | Reached * piety under Makhleb
  1208 | D:2      | Upgraded the game from 0.31.0-9-g3a7656b989 to
                  | 0.31.0-10-gcf4a605ca0
  1233 | D:2      | Learned a level 2 spell: Scorch
  1288 | D:2      | Reached XP level 3. HP: 19/19 MP: 6/9
  2032 | D:2      | Reached skill level 5 in Fire Magic
  2612 | D:3      | Found a shimmering altar of Xom.
  2695 | D:3      | Reached XP level 4. HP: 14/24 MP: 4/10
  2776 | D:3      | Reached ** piety under Makhleb
  2823 | D:3      | Reached skill level 6 in Fire Magic
  2829 | D:3      | Noticed Robin
  2849 | D:3      | Killed Robin
  3343 | D:3      | Learned a level 3 spell: Inner Flame
  3347 | D:3      | Learned a level 3 spell: Volatile Blastmotes
  3351 | D:4      | Noticed a black bear
  3377 | D:4      | Reached XP level 5. HP: 28/28 MP: 8/11
  3520 | D:4      | Noticed Sigmund
  3598 | D:4      | You fall into a shaft and drop 3 floors!
  3888 | D:6      | Reached skill level 7 in Fire Magic
  3970 | D:6      | Found a glowing drain.
  3981 | Sewer    | Entered a sewer
  4006 | Sewer    | Slain by a river rat

Illustrated notes

Levels and vault maps discovered:
D:1:      dpeg_arrival_rooms_a, layout_loops_cross,
          shapermc_ecumenical_altar_ellora
D:2:      layout_basic
D:3:      layout_basic, mainiacjoe_overflow_small_starburst, uniq_robin
D:4:      layout_loops_ring, minmay_temple_entry_statues_fountains,
          serial_shops, nicolae_shop_hallway_plus, serial_rivers,
          chequers_serial_rivers_micro_a, chequers_serial_rivers_small_3,
          chequers_serial_rivers_micro_d, chequers_serial_rivers_micro_e,
          chequers_serial_rivers_marsh, chequers_serial_rivers_small_b,
          uniq_sigmund, uniq_grinder
D:6:      layout_layer_cave, cheibrodos_worm_habitat, portal_sewer_entry_b,
          uniq_menkaure, uniq_eustachio, uniq_pikel
D:7:      nicolae_BIG_FREAKIN_CUBE, layout_basic, overflow_temple_1_default,
          uniq_maurice
Sewer:    sewer_kobolds

Skill      XL: |  1  2  3  4  5 |
---------------+----------------+-----
Fire Magic     | 4 5 6 7 |  7.1
Dodging        | |  2.4
Stealth        | |  2.4
Spellcasting   | |  3.0
Conjurations   | |  1.1

Action                     |  1- 3 |  4- 6 || total
---------------------------+-------+-------++-------
  Melee: Unarmed           |     2 |    15 ||    17
         Punch             |       |     1 ||     1
   Cast: Foxfire           |    65 |    54 ||   119
         Scorch            |     4 |    12 ||    16
    Use: Potion            |       |     1 ||     1
 Armour: Robe              |    15 |    23 ||    38
  Dodge: Dodged            |    18 |    22 ||    40
